 Dungeon Crawl Stone Soup version 0.16-a0-3593-g1073268 (webtiles) character file.

793 stonewall the Cudgeler (level 7, -2/55 HPs)
             Began as a Mummy Arcane Marksman on Jan 11, 2015.
             Slain by an ogre
             ... wielding a +0 giant club
              (26 damage)
             ... on level 5 of the Dungeon.
             The game lasted 00:13:06 (6145 turns).

stonewall the Cudgeler (Mummy Arcane Marksman)      Turns: 6145, Time: 00:13:06

Health: -2/55      AC:  5    Str: 16    XL:     7   Next: 57%
Magic:  9/9        EV:  9    Int: 12    God:
Gold:   176        SH:  3    Dex: 11    Spells: 1 memorised, 7 levels left

rFire  x . .     SeeInvis .     p - +0 flail (venom)
rCold  + . .     Clarity  .     j - +0 ring mail
rNeg   + + +     SustAb   .     k - +0 buckler
rPois  ∞         Gourm    .     (no helmet)
rElec  .         Spirit   .     (no cloak)
rCorr  .         Warding  .     i - +0 pair of gloves
rMut   .         Stasis   .     o - -2 pair of boots
MR     .....                    (no amulet)
Stlth  +.........               (no ring)
                                (no ring)

@: not resistant to hostile enchantments, very unstealthy
A: no food or potions, fire vulnerability, restore body, cold resistance 1,
negative energy resistance 3, poison resistance, torment resistance, unbreathing
a: no special abilities


You were on level 5 of the Dungeon.
You were not hungry.

You visited 1 branch of the dungeon, and saw 5 of its levels.

You collected 176 gold pieces.

Inventory:

Hand weapons
 b - a +0 hunting sling
 c - a +0 blowgun
 p - a +0 flail of venom (weapon)
Missiles
 h - 48 stones (quivered)
 q - a sling bullet
 t - 23 poisoned needles
Armour
 a - a +0 robe
 i - a +0 pair of gloves (worn)
 j - a +0 ring mail (worn)
 k - a +0 buckler (worn)
 o - a -2 pair of boots (worn)
 u - a -1 scale mail
Jewellery
 m - the amulet of Kan Tha {rCorr Contam rPois, unknown}
   (You found it on level 4 of the Dungeon)

   [amulet of resist corrosion]

   It protects you from acid and corrosion.
   It protects you from poison.
   It causes magical contamination when unequipped.
Scrolls
 e - 4 scrolls of remove curse
 f - 2 scrolls of identify
 g - a scroll of blinking
 l - a scroll of noise
 n - a scroll of fog
 r - 3 scrolls of teleportation {unknown}
 s - a scroll of recharging {unknown}
 v - a scroll of amnesia
 w - a scroll of magic mapping {unknown}
Books
 d - a book of Debilitation

   Spells                             Type                      Level
   a - Corona                         Hexes                        1
   b - Slow                           Hexes                        2
   c - Inner Flame                    Hexes/Fire                   3
   d - Enslavement                    Hexes                        4
   e - Cause Fear                     Hexes                        4
   f - Leda's Liquefaction            Hexes/Earth                  4


   Skills:
 - Level 4.4 Fighting
 + Level 4.7 Maces & Flails
 - Level 3.8 Slings
 - Level 1.5 Dodging
 - Level 1.0 Spellcasting
 - Level 2.6 Hexes


You had 7 spell levels left.
You knew the following spells:

 Your Spells              Type           Power        Failure   Level  Hunger
a - Corona                Hex            #......      34%         1    N/A

Dungeon Overview and Level Annotations

Branches:
Dungeon (5/15)
 Temple: D:4-7

Altars:
Cheibriados
Dithmenos
Elyvilon
Nemelex Xobeh
Ru

Annotations:
D:4 Zooty's ghost, experienced KoCK


Innate Abilities, Weirdness & Mutations

You do not eat or drink.
Your flesh is vulnerable to fire.
Your flesh is cold resistant.
You are immune to negative energy.
Your system is resistant to poisons.
You are immune to unholy pain and torment.
You can survive without breathing.


Message History

The goblin shouts!
The goblin hits you with a dagger. The goblin hits you with a club.
You sock the goblin!
You kill the goblin!
The goblin hits you but does no damage.
You swing at nothing.
You sock the goblin!
You kill the goblin!
The goblin hits you with a club.
You hit the ogre but do no damage.
The ogre is poisoned.
The goblin misses you. The ogre hits you with a giant club!!
* * * LOW HITPOINT WARNING * * *
You hit the ogre.
The ogre looks even sicker.
The ogre is lightly wounded.
The goblin completely misses you. The ogre hits you with a giant club.
* * * LOW HITPOINT WARNING * * *
Your shield and ring mail prevent you from hitting the ogre.
The ogre is lightly wounded.
The goblin closely misses you. The ogre hits you with a giant club!!
You die...

##### ######...#
### #.+..#...# #..
#.##.+...# ####'
#'##.#...# #....
#.##.#...#########
#....
#.##.##'#........#
#....
#.......'..#####.#
##### #....##'#..#
#@#
#.##'#.....#..gOg#
#.##.#.....#..g###
#+##.'...#'####
#.##.#...#...# ##
#....#...#...# ##.
#.##.+...+...# #..
#.##.#...#..## #..
#..#.#...#..## #..


You could see an ogre and 3 goblins.

Vanquished Creatures
  Prince Ribbit (D:5)
  A gnoll sergeant (D:5)
  A scorpion (D:5)
  A crimson imp (D:5)
  An orc priest (D:3)
  An orc wizard (D:3)
  3 worker ants (D:5)
  2 hound zombies (D:5)
  12 gnolls
  9 adders
  3 worms
  An adder skeleton (D:4)
  3 giant geckos
  An ooze (D:2)
  6 orcs
  7 bats
  4 giant cockroaches
  17 goblins
  5 hobgoblins
  A quokka (D:3)
  A ball python (D:4)
  A giant newt (D:3)
  8 kobolds
  7 rats
97 creatures vanquished.

Notes
Turn   | Place    | Note
--------------------------------------------------------------
     0 | D:1      | stonewall, the Mummy Arcane Marksman, began the quest for the Orb.
     0 | D:1      | Reached XP level 1. HP: 15/15 MP: 2/2
   387 | D:1      | Reached XP level 2. HP: 21/21 MP: 3/3
   850 | D:2      | Found a shadowy altar of Dithmenos.
   888 | D:2      | Found a snail-covered altar of Cheibriados.
   942 | D:2      | Reached XP level 3. HP: 26/26 MP: 4/4
  1033 | D:2      | Reached skill level 3 in Slings
  1049 | D:2      | Found a white marble altar of Elyvilon.
  1384 | D:3      | Found a sacrificial altar of Ru.
  1402 | D:3      | Reached XP level 4. HP: 27/32 MP: 5/5
  2237 | D:3      | Reached XP level 5. HP: 32/39 MP: 7/7
  2433 | D:3      | Found a sparkling altar of Nemelex Xobeh.
  3083 | D:3      | Reached skill level 4 in Fighting
  3602 | D:4      | Got a faintly glowing tin amulet
  3630 | D:4      | Reached XP level 6. HP: 42/48 MP: 8/8
  3687 | D:4      | Noticed Zooty's ghost (experienced KoCK)
  3854 | D:5      | Entered Level 5 of the Dungeon
  4188 | D:5      | Reached skill level 1 in Maces & Flails
  5558 | D:5      | Noticed Prince Ribbit
  5635 | D:5      | Killed Prince Ribbit
  5635 | D:5      | Reached XP level 7. HP: 34/55 MP: 9/9
  6145 | D:5      | Slain by an ogre

Action                   |  1- 3 |  4- 6 |  7- 9 || total
-------------------------+-------+-------+-------++-------
Melee: Unarmed           |       |     3 |       ||     3
       Flail             |       |    66 |    54 ||   120
 Fire: Hunting sling     |   110 |   150 |       ||   260
       Blowgun           |       |    83 |       ||    83
Throw: Stone             |       |     5 |       ||     5
  Use: Scroll            |       |     6 |       ||     6
